 Dungeon Crawl Stone Soup version 0.28-a0-1117-g0bdd5ba030 (webtiles) character file.

Game seed: 1440711327932389399

833047 Turgor the Conqueror (level 27, -4/248 (273) HPs)
             Began as a Minotaur Fighter on Dec 9, 2021.
             Was the Champion of the Shining One.
             Slain by a bone dragon (11 damage)
             ... in the Vestibule of Hell on Dec 11, 2021.
             The game lasted 12:01:25 (82279 turns).

Turgor the Conqueror (Minotaur Fighter)            Turns: 82279, Time: 12:01:26

HP:   -4/248 (273)  AC: 37    Str: 28    XL:     27
MP:   32/37         EV: 19    Int: 16    God:    the Shining One [******]
Gold: 6129          SH: 34    Dex: 17    Spells: 29/48 levels left

rFire   + + +      SeeInvis +   w - +9 broad axe (holy)
rCold   + + .      Faith    .   L - +5 kite shield {reflect}
rNeg    + + +      Spirit   .   B - +10 plate armour {rF+}
rPois   +          Reflect  +   (helmet restricted)
rElec   +          Harm     .   D - scarf {rC+ rF+}
rCorr   +          Rampage  +   q - +0 pair of gloves of Free Will {Int+4}
Will    +++..      Rage     1%  a - +2 pair of boots of Entitlement {Rampage Slay+2}
Stlth   ..........              y - amulet of regeneration
HPRegen 1.31/turn               n - ring of Qeclelah {Drain rPois Will+ Str+2 Dex+6 Slay+3}
MPRegen 0.25/turn               J - ring "Japadaur" {rElec rN+ rCorr Int+5}

@: mighty, divinely shielded, doom-hounded, slowed, glowing, studying 6 skills,
drained, very slow
A: horns 2, retaliatory headbutt, hooves 2, large bone plates 1, see invisible,
berserk 1, cold resistance 1, dopey 2, fire resistance 1, weak 1
}: 8/15 runes: serpentine, barnacled, slimy, silver, obsidian, abyssal, demonic,
magical
a: Renounce Religion, Divine Shield, Cleansing Flame, Summon Divine Warrior


You were in the Vestibule of Hell.
You worshipped the Shining One.
The Shining One was exalted by your worship.
You visited 15 branches of the dungeon, and saw 69 of its levels.
You visited Pandemonium 1 time, and saw 7 of its levels.
You visited the Abyss 3 times.
You also visited: Trove, Gauntlet, Ice Cave and Volcano.

You collected 12338 gold pieces.
You spent 6209 gold pieces at shops.

Inventory:

Hand Weapons
 c - the +10 broad axe of Inconvenience {protect, Dex+4}
   (You found it on level 5 of the Pits of Slime)

   It grants its wielder temporary protection when it strikes (+7 to AC).
   Dex:       It affects your dexterity (+4).
 e - the +5 hand crossbow "Wirroes" {elec, Str+5 SInv}
   (You found it in a treasure trove)

   Any ammunition fired from it occasionally discharges a powerful burst of
   electricity upon striking a foe.
   Str:       It affects your strength (+5).
   SInv:      It lets you see invisible.
 s - a +9 broad axe of flaming
 w - a +9 broad axe of holy wrath (weapon)
Missiles
 F - 7 throwing nets
 R - 1801 bolts
 Y - 5 silver javelins (quivered)
Armour
 a - the +2 pair of boots of Entitlement (worn) {Rampage Slay+2}
   (Okawaru gifted it to you on level 2 of the Vaults)

   Slay:      It affects your accuracy & damage with ranged weapons and melee
   (+2).
   Rampage:   It bestows one free step when moving towards enemies.
 q - the +0 pair of gloves of Free Will (worn) {Int+4}
   (You acquired it on level 3 of the Vaults)

   Int:       It affects your intelligence (+4).
 r - the +3 pair of seven-league boots {Rampage+∞}
   (You acquired it on level 2 of the Orcish Mines)

   Its wearer moves as far as possible in that direction when moving towards
   enemies.
 B - a +10 plate armour of fire resistance (worn)
 D - a scarf of resistance (worn)
 L - a +5 kite shield of reflection (worn)
Jewellery
 d - the ring of Pahecza {rElec rPois Will+ Slay+2}
   (You found it on level 5 of the Pits of Slime)

   [ring of willpower]

   Slay:      It affects your accuracy & damage with ranged weapons and melee
   (+2).
   rElec:     It insulates you from electricity.
   rPois:     It protects you from poison.
   Will:      It increases your willpower.
 n - the ring of Qeclelah (left hand) {Drain rPois Will+ Str+2 Dex+6 Slay+3}
   (You found it in a Gauntlet)

   [ring of willpower]

   Str:       It affects your strength (+2).
   Dex:       It affects your dexterity (+6).
   Slay:      It affects your accuracy & damage with ranged weapons and melee
   (+3).
   rPois:     It protects you from poison.
   Drain:     It drains your maximum health when unequipped.
   Will:      It increases your willpower.
 p - the ring "Tuogomn" {Fly rC+ Str+6 Int-4}
   (You found it on level 5 of the Vaults)

   [ring of strength]

   Str:       It affects your strength (+6).
   Int:       It affects your intelligence (-4).
   rC:        It protects you from cold.
   Fly:       It grants you flight.
 t - the ring "Luruogos" {rF+++ Will+ MP-9 Slay+5}
   (You acquired it on level 1 of the Vaults)

   [ring of willpower]

   Slay:      It affects your accuracy & damage with ranged weapons and melee
   (+5).
   rF:        It renders you almost immune to fire.
   MP:        It affects your magic capacity (-9).
   Will:      It increases your willpower.
 y - an amulet of regeneration (around neck)
 J - the ring "Japadaur" (right hand) {rElec rN+ rCorr Int+5}
   (You found it on level 3 of the Elven Halls)

   [ring of positive energy]

   Int:       It affects your intelligence (+5).
   rElec:     It insulates you from electricity.
   rN:        It protects you from negative energy.
   rCorr:     It protects you from acid and corrosion.
 M - the ring "Facuod" {rC+ SInv}
   (You found it on level 8 of the Dungeon)

   [ring of protection from cold]

   rC:        It protects you from cold.
   SInv:      It lets you see invisible.
 O - the ring of a Thousand Wishes {rF+ MP+9 Str+5}
   (You acquired it on level 2 of the Snake Pit)

   [ring of protection from fire]

   Str:       It affects your strength (+5).
   rF:        It protects you from fire.
   MP:        It affects your magic capacity (+9).
Wands
 b - a wand of acid (41)
 i - a wand of polymorph (31)
 z - a wand of mindburst (21)
 E - a wand of iceblast (48)
 I - a wand of paralysis (23)
 T - a wand of digging (26)
Scrolls
 f - 7 scrolls of fog
 m - 3 scrolls of blinking
 o - 6 scrolls of silence
 G - 8 scrolls of magic mapping
 K - 23 scrolls of teleportation
 N - 11 scrolls of vulnerability
 W - 3 scrolls of holy word
Potions
 g - 18 potions of curing
 h - 3 potions of resistance
 k - 3 potions of haste
 l - 7 potions of brilliance
 u - 5 potions of cancellation
 v - a potion of flight
 x - 2 potions of might
 A - 5 potions of berserk rage
 C - 5 potions of mutation
 H - 9 potions of magic
 S - 3 potions of attraction
 V - 10 potions of ambrosia
 X - 11 potions of heal wounds
Miscellaneous
 j - a lightning rod (4/4)
 Q - a phial of floods
 U - a phantom mirror
 Z - a tin of tremorstones (2/2)


   Skills:
 O Level 27 Fighting
 - Level 24.0 Axes
 - Level 18.0 Crossbows
 * Level 12.4 Throwing
 * Level 25.2 Armour
 * Level 20.6 Dodging
 - Level 15.0 Shields
 + Level 11.3 Spellcasting
 + Level 12.3 Translocations
 + Level 11.3 Transmutations
 - Level 14.0 Invocations
 - Level 14.0 Evocations


You had 29 spell levels left.
You knew the following spells:

 Your Spells              Type           Power      Damage    Failure   Level
a - Passage of Golubria   Tloc           48%        N/A       1%          4
b - Wereblood             Tmut           45%        N/A       1%          2
c - Apportation           Tloc           96%        N/A       1%          1
d - Passwall              Tmut/Erth      22%        N/A       3%          2
e - Blink                 Tloc           96%        N/A       1%          2
f - Manifold Assault      Tloc           48%        N/A       4%          5
g - Swiftness             Air            9%         N/A       58%         3

Your spell library contained the following spells:

 Spells                   Type           Power      Damage    Failure   Level
 Beastly Appendage        Tmut           90%        N/A       1%          1
 Gell's Gravitas          Tloc           48%        N/A       1%          3
 Lesser Beckoning         Tloc           48%        N/A       1%          3
 Teleport Other           Tloc           48%        N/A       1%          3
 Sting                    Tmut/Pois      100%       1d8       2%          1
 Portal Projectile        Hex/Tloc       56%        N/A       6%          3
 Blade Hands              Tmut           22%        N/A       7%          5
 Spider Form              Tmut/Pois      27%        N/A       8%          3
 Ignite Poison            Fire/Tmut/Pois 21%        N/A       16%         3
 Iskenderun's Mystic Bla  Conj/Tloc      28%        2d7       21%         4
 Ice Form                 Ice/Tmut       27%        N/A       24%         4
 Petrify                  Tmut/Erth      27%        N/A       24%         4
 Dispersal                Tloc           24%        N/A       24%         6
 Animate Skeleton         Necr           18%        N/A       26%         1
 Foxfire                  Conj/Fire      36%        2x1d5     26%         1
 Freeze                   Ice            36%        1d6       26%         1
 Magic Dart               Conj           36%        1d4       26%         1
 Pain                     Necr           36%        1d5       26%         1
 Sandblast                Erth           18%        2d7       26%         1
 Slow                     Hex            36%        N/A       26%         1
 Call Imp                 Summ           9%         N/A       36%         2
 Corpse Rot               Necr/Air       18%        N/A       36%         2
 Scorch                   Fire           18%        2d5       36%         2
 Static Discharge         Conj/Air       9%         N/A       36%         2
 Sublimation of Blood     Necr           9%         N/A       36%         2
 Alistair's Intoxication  Tmut/Pois      18%        N/A       56%         5
 Irradiate                Conj/Tmut      13%        3d17      56%         5
 Yara's Violent Unravell  Hex/Tmut       13%        3d7       56%         5
 Call Canine Familiar     Summ           9%         N/A       58%         3
 Confusing Touch          Hex            9%         N/A       58%         3
 Conjure Flame            Conj/Fire      9%         6-21      58%         3
 Frozen Ramparts          Ice            18%        1d3       58%         3
 Inner Flame              Hex/Fire       9%         N/A       58%         3
 Mephitic Cloud           Conj/Pois/Air  9%         N/A       58%         3
 Ozocubu's Armour         Ice            9%         N/A       58%         3
 Stone Arrow              Conj/Erth      18%        3d8       58%         3
 Tukima's Dance           Hex            9%         N/A       58%         3
 Vampiric Draining        Necr           9%         2d6       58%         3
 Airstrike                Air            4%         N/A       94%         4
 Animate Armour           Summ/Erth      18%        N/A       94%         4
 Animate Dead             Necr           4%         N/A       94%         4
 Dispel Undead            Necr           9%         3d8       94%         4
 Flame Wave               Conj/Fire      9%         2d4       94%         4
 Fulminant Prism          Conj/Hex       4%         3d6       94%         4
 Hailstorm                Conj/Ice       9%         3d4       94%         4
 Leda's Liquefaction      Hex/Erth       4%         N/A       94%         4
 Olgreb's Toxic Radiance  Pois           9%         N/A       94%         4
 Sticky Flame             Conj/Fire      9%         2d3       94%         4
 Summon Ice Beast         Ice/Summ       9%         N/A       94%         4
 Summon Lightning Spire   Summ/Air       9%         N/A       94%         4
 Statue Form              Tmut/Erth      18%        N/A       98%         6
 Agony                    Necr           9%         N/A       100%        5
 Borgnjor's Vile Clutch   Necr/Erth      4%         N/A       100%        5
 Excruciating Wounds      Necr           4%         N/A       100%        5
 Freezing Cloud           Conj/Ice/Air   4%         6-21      100%        5
 Lee's Rapid Deconstruct  Erth           4%         3d6*      100%        5
 Lightning Bolt           Conj/Air       4%         1d16      100%        5
 Metabolic Englaciation   Hex/Ice        4%         N/A       100%        5
 Silence                  Hex/Air        4%         N/A       100%        5
 Death Channel            Necr           4%         N/A       100%        6
 Iron Shot                Conj/Erth      4%         9d2       100%        6
 Simulacrum               Ice/Necr       4%         N/A       100%        6
 Summon Cactus Giant      Summ           4%         N/A       100%        6
 Ozocubu's Refrigeration  Ice            4%         4d5       100%        7
 Spellforged Servitor     Conj/Summ      4%         N/A       100%        7
 Storm Form               Tmut/Air       13%        N/A       100%        7
 Summon Hydra             Summ           4%         N/A       100%        7
 Borgnjor's Revivificati  Necr           4%         N/A       100%        8
 Disjunction              Tloc           24%        N/A       100%        8
 Infestation              Necr           4%         N/A       100%        8
 Lehudib's Crystal Spear  Conj/Erth      4%         10d3      100%        8
 Maxwell's Capacitive Co  Air            4%         ∞         100%        8
 Chain Lightning          Conj/Air       4%         3d6       100%        9
 Fire Storm               Conj/Fire      4%         8d1       100%        9
 Polar Vortex             Ice            4%         N/A       100%        9
 Shatter                  Erth           4%         3d8*      100%        9


Dungeon Overview and Level Annotations

Branches:
Dungeon (15/15)            Temple (1/1) D:4            Lair (6/6) D:11
 Shoals (4/4) Lair:4        Snake (4/4) Lair:4        Slime (5/5) Lair:5
    Orc (2/2) D:11            Elf (3/3) Orc:2        Vaults (5/5) D:13
  Crypt (3/3) Vaults:2       Tomb (0/3) Crypt:3      Depths (4/4) D:15
   Hell (1/1)                 Dis (0/7) Hell            Geh (7/7) Hell
    Coc (0/7) Hell            Tar (5/7) Hell            Zot (4/5) Depths:4
  IceCv (visited)         Volcano (visited)         Gauntlet (visited)

Altars:
Cheibriados
Dithmenos
Elyvilon
Fedhas
Gozag
Hepliaklqana
Kikubaaqudgha
Makhleb
Okawaru
Ru
Sif Muna
Trog
Vehumet
Wu Jian
Xom
Yredelemnul
Zin
The Shining One
Beogh
Jiyva

Shops:
D:1 (   D:4 **   D:5 *   D:15 [   Orc:2 =((*?   Elf:3 *   Snake:3 *:
Snake:4 :=:   Vaults:1 ?*(   Vaults:3 !:?(

Portals:
Hell: Depths:1 Depths:2 Depths:3 Depths:4
Abyss: Depths:1 Depths:3
Pandemonium: Depths:2 Depths:3 Depths:4
Ziggurat: Depths:3

Annotations:
Elf:3 3 runed translucent doors, Huli's ghost, master GnWn


Innate Abilities, Weirdness & Mutations

You have a pair of horns on your head.
You reflexively headbutt those who attack you in melee.
You have hoof-like feet.
You are partially covered in large bone plates. (SH +4)
You have supernaturally acute eyesight. (SInv)
You tend to lose your temper in combat.
Your flesh is cold resistant. (rC+)
You are very dopey. (Int -4)
Your flesh is heat resistant. (rF+)
You are weak. (Str -2)


Message History

The bolt of negative energy hits you but does no damage.
You resist.
The bolt of negative energy misses the doom hound.
The bolt of negative energy misses the profane servitor.
You feel your strength returning.
You block the doom hound's attack. x4; The bone dragon bites your angel!!
Your angel dies!
Your angel dissolves into sparkling lights!
The putrid mouth bites you but does no damage.
The putrid mouth claws you but does no damage.
The eidolon hits you!
* * * LOW HITPOINT WARNING * * *
The eidolon hits you but does no damage.
The Tzitzimitl engulfs you!
* * * LOW HITPOINT WARNING * * *
The Tzitzimitl misses you.
The doom hound bites you but does no damage.
You block the doom hound's attack. The doom hound misses you.
The doom hound closely misses you. The putrid mouth throws miasma at you.
The foul vapour misses you. The bone dragon closely misses you.
You block the bone dragon's attack. The bone dragon tramples you!
* * * LOW HITPOINT WARNING * * *
You hold your ground!
The eidolon misses you. The eidolon barely misses you.
The Tzitzimitl calls on the powers of darkness!
Your body is wracked with pain!
* * * LOW HITPOINT WARNING * * *
The Tzitzimitl misses you. You furiously retaliate!
You headbutt the Tzitzimitl. You block the Tzitzimitl's attack.
The doom hound barks!
You go up through the gate.
Welcome back to the Vestibule of Hell!
A putrid mouth comes into view.
There is a gateway to the decaying netherworld of Tartarus here.
You feel very mighty all of a sudden. The doom hound bites you.
* * * LOW HITPOINT WARNING * * *
You block the doom hound's attack. x2; The doom hound claws you!
* * * LOW HITPOINT WARNING * * *
The bone dragon bites you!
You die...

##..##.#...#.#..)##
##..##........###..##
##..#.#..#...#..###..##
##...##...........###..##
##...##....#...#.....#...##
##....##.............###...##
##....)#...#.......#...#.....##
##......#......1hW......##.....##
#.......#...#2..@W..#....#......#
........#....W..Dh.......#.......
#################################


You could see a bone dragon, 2 doom hounds, a Tzitzimitl, an eidolon, 2 putrid
mouths and a tormentor.

Vanquished Creatures
  Asmodeus (Geh:7)
  the Royal Jelly (Slime:5)
  Lom Lobon (Pan)
  5 dread liches
  An ancient lich (Abyss:1)
  2 orbs of fire (Zot:4)
  Boris (Crypt:2)
  A curse toe (Zot:2)
  Xtahua (Depths:4)
  5 pandemonium lords (Pan)
  4 golden dragons
  Geryon (Hell)
  Jory (Vaults:4)
  7 profane servitors
  2 bone dragons
  3 Brimstone Fiends (Geh:7)
  An electric golem (Zot:3)
  2 Tzitzimimeh
  A spectral shard shrike (Tar:4)
  Mlioglotl (Shoals:1)
  15 tentacled monstrosities
  6 liches
  Jorgrun (Elf:1)
  9 hellephants
  7 Hell Sentinels
  A walking crystal tome (Depths:4)
  9 searing wretches
  6 Ice Fiends (Pan)
  A tainted leviathan (Tar:4)
  9 deep elf master archers
  24 titans
  6 quicksilver dragons
  The ghost of Raylyl the Warrior, an adept NaFE of Gozag (Snake:2)
  16 acid blobs
  4 death cobs
  6 deep elf blademasters
  7 sphinxes
  4 ancient champions
  14 tentacled starspawn
  7 Executioners (Pan)
  Polyphemus (Shoals:4)
  8 storm dragons
  8 tengu reavers
  2 krakens
  9 shadow dragons
  Agnes (Elf:2)
  Frances (D:12)
  A thorn hunter (Depths:2)
  5 draconian monks
  Roxanne (Shoals:1)
  2 daevas
  2 revenants
  18 nagarajas (Snake:4)
  9 rockslimes
  7 draconian knights
  9 azure jellies
  The ghost of ThreePoint314 the Brawler, a journeyman TrCK of Xom (Elf:1)
  3 demonspawn warmongers (Pan)
  32 fire giants
  21 frost giants
  8 ghost moths
  2 orc warlords
  5 deep elf sorcerers
  Aizul (Snake:4)
  6 draconian scorchers
  4 iron dragons
  4 curse skulls
  12 cacodemons (Pan)
  10 draconian annihilators
  11 vault wardens
  24 balrugs
  2 draconian shifters
  2 caustic shrike zombies (Hell)
  The ghost of bmj180 the Destroyer, a journeyman DrCj of Vehumet (Lair:5)
  6 deep elf elementalists
  16 ironbound preservers
  5 ghouls
  A spectral caustic shrike (Tar:2)
  8 draconian stormcallers
  7 demonspawn corrupters (Pan)
  11 reapers
  6 war gargoyles
  5 quicksilver oozes
  7 demonspawn blood saints (Pan)
  21 stone giants
  26 very ugly things
  44 starcursed masses
  A juggernaut skeleton (Depths:2)
  13 green draconians
  10 white draconians
  14 black draconians
  11 demonspawn black suns (Pan)
  5 entropy weavers
  18 red draconians
  6 deep elf demonologists
  5 putrid mouths
  2 spectral titans
  A minotaur (Gauntlet)
  9 yellow draconians
  7 vampire knights
  4 deep elf annihilators
  14 dire elephants
  13 lorocyprocas
  5 eidola
  Snorg (D:12)
  16 purple draconians
  10 deep elf death magi
  16 blizzard demons
  2 crystal guardians (Vaults:3)
  10 green deaths (Pan)
  Josephine (Shoals:1)
  13 merfolk impalers
  18 ettins
  3 deep elf high priests
  12 jiangshi
  15 yaktaur captains
  A spectral fenstrider witch (Tar:2)
  5 merfolk javelineers (Shoals:4)
  6 fire dragons
  2 spectral spriggans
  19 great orbs of eyes
  10 ironbound thunderhulks
  7 rakshasas
  9 salamander tyrants
  5 hell beasts (Pan)
  9 ice dragons
  3 peacekeepers
  Harold (Lair:1)
  11 naga warriors
  2 quicksilver dragon skeletons
  3 boulder beetles
  38 vault guards
  5 spriggan air magi
  10 ironbound frosthearts
  2 ogre magi
  17 hydras
  9 anacondas
  3 merfolk avatars
  2 stokers
  3 death knights
  10 centaur warriors
  5 satyrs
  An alligator snapping turtle (Shoals:4)
  3 catoblepae
  35 dancing weapons
  A fenstrider witch skeleton (Crypt:2)
  2 alligators (Depths:2)
  6 two-headed ogres
  18 death yaks
  13 deep troll earth magi
  33 hell hogs
  8 merfolk aquamancers
  3 orc high priests
  2 tengu warriors (Depths:2)
  9 vampire magi
  4 spectral dire elephants
  2 spectral nagas (Tar:2)
  7 deep troll shamans (Depths:4)
  11 shock serpents
  7 spriggan berserkers
  8 thrashing horrors
  10 naga sharpshooters
  2 spriggans (Depths:4)
  Sonja (D:12)
  26 deep elf knights
  17 soul eaters
  12 wretched stars
  A storm dragon zombie (Hell)
  Nergalle (Lair:1)
  18 hell knights
  48 sun demons
  30 skeletal warriors
  3 titan skeletons
  10 sixfirhies (Pan)
  2 iron trolls (Depths:3)
  2 salamander mystics
  3 spatial maelstroms (Abyss:4)
  A spectral bunyip (Tar:1)
  48 deep trolls
  A spectral death yak (Lair:5)
  A death drake (Abyss:3)
  3 shadow wraiths
  3 swamp dragons (Depths:2)
  14 sea snakes
  2 spark wasp zombies
  9 shadow demons (Pan)
  7 glowing orange brains
  An anaconda zombie (Abyss:1)
  4 bog bodies (Crypt:2)
  2 spectral anacondas
  A golden dragon skeleton (Depths:2)
  25 deep elf archers
  6 flayed ghosts
  4 lindwurms
  6 wizards
  19 ironbound convokers
  10 naga ritualists
  34 deep elf zephyrmancers
  A frost giant zombie (Hell)
  7 necromancers
  A harpy (shapeshifter) (D:13)
  11 phantasmal warriors
  14 orc knights
  2 wolf spiders
  34 deep elf pyromancers
  10 harpies
  11 mana vipers
  2 oklob plants (Lair:1)
  2 sphinx zombies (Hell)
  A salamander (shapeshifter) (D:14)
  28 ugly things
  A faun (shapeshifter) (Vaults:5)
  A shining eye (shapeshifter) (Vaults:5)
  5 worldbinders
  30 moths of wrath
  A will-o-the-wisp (Abyss:1)
  2 elephants (shapeshifter)
  14 manticores
  Maurice (D:12)
  15 fauns
  14 salamanders
  2 cyclopes
  6 shining eyes
  29 large abominations
  27 elephants
  3 fire giant zombies
  7 rust devils
  A black mamba (shapeshifter) (Elf:2)
  An apocalypse crab (Abyss:2)
  2 stone giant skeletons
  A water nymph (shapeshifter) (Vaults:5)
  A dire elephant zombie (Crypt:3)
  9 naga magi
  10 molten gargoyles
  9 water nymphs
  43 black mambas
  3 naga zombies
  11 merfolk sirens
  12 vault sentinels
  An eye of devastation (shapeshifter) (Abyss:1)
  4 guardian serpents (Snake:2)
  46 smoke demons
  7 gargoyles
  13 cane toads
  3 eyes of devastation
  5 spriggan zombies
  A storm dragon simulacrum (D:14)
  21 hellions
  An ice statue (IceCv)
  2 dire elephant skeletons
  14 orange demons
  11 komodo dragons
  A death yak zombie (Crypt:1)
  2 kobold demonologists
  4 unseen horrors
  2 naga skeletons
  32 yaktaurs
  3 tengu conjurers (Depths:2)
  2 efreet
  3 rime drakes
  6 freezing wraiths
  8 demonic crawlers
  7 ice devils
  5 tormentors
  7 ancient zymes
  A spectral harpy (Tar:5)
  A queen bee (D:14)
  10 red devils
  2 silent spectres
  3 guardian mummies (Crypt:3)
  3 meliai (D:14)
  28 hellwings
  25 merfolk
  A yellow draconian skeleton (Crypt:2)
  2 polar bears (shapeshifter)
  A jumping spider (shapeshifter) (Abyss:2)
  21 polar bears
  A wolf spider simulacrum (Gauntlet)
  A merfolk (shapeshifter) (Vaults:4)
  A tyrant leech (Depths:2)
  2 jumping spiders
  5 trolls
  13 blink frogs
  87 slime creatures
  7 wind drakes
  10 raiju
  2 hornets (Depths:4)
  12 snapping turtles
  A death drake skeleton (Crypt:2)
  4 harpy skeletons
  A raiju (shapeshifter) (Vaults:5)
  A stone giant simulacrum (Hell)
  6 dream sheep (Lair:6)
  Sigmund (D:8)
  4 spriggan skeletons
  5 vampires
  4 centaur simulacra
  7 flying skulls
  10 air elementals
  2 ettin zombies
  30 ynoxinuls
  An alligator skeleton (Volcano)
  10 redbacks
  A yak (shapeshifter) (Elf:1)
  A spriggan simulacrum (Hell)
  29 water elementals
  5 shadows
  A tarantella (Vaults:1)
  A black mamba zombie (Crypt:1)
  4 fire bats (Gauntlet)
  20 fire elementals
  A tarantella (shapeshifter) (Elf:2)
  7 wyverns
  67 yaks
  19 wraiths
  2 basilisks
  2 golden eyes
  A human (shapeshifter) (D:15)
  Grum (Lair:1)
  12 neqoxecs
  2 steam dragons
  6 spatial vortices (Abyss:4)
  18 vampire mosquitoes
  24 chaos spawn
  15 wargs
  A harpy simulacrum (Gauntlet)
  27 nagas
  5 swamp worms (Depths:2)
  Edmund (D:6)
  22 small abominations
  3 acid dragons
  20 hell hounds
  2 hydra simulacra (Lair:5)
  A faun skeleton (Crypt:1)
  49 orc warriors
  A two-headed ogre zombie (Crypt:2)
  A deep troll skeleton (Crypt:1)
  4 floating eyes
  19 water moccasins
  Duvessa (D:4)
  An ice beast (D:7)
  2 sky beasts
  4 boggarts (Vaults:1)
  13 black bears
  13 ogres
  45 wolves
  5 necrophages
  10 centaurs
  5 kobold brigands
  14 bullfrogs
  2 earth elementals
  2 gnoll sergeants
  2 scorpions
  A glowing shapeshifter simulacrum (Depths:2)
  A water moccasin zombie (D:3)
  A naga simulacrum (Abyss:4)
  A hornet simulacrum (Gauntlet)
  A water moccasin skeleton (D:6)
  Dowan (D:4)
  2 tengu zombies (Hell)
  A dream sheep simulacrum (Lair:5)
  29 killer bees
  2 troll skeletons (Volcano)
  16 wights
  A howler monkey (D:5)
  3 electric eels
  4 crimson imps
  4 lava snakes (Lair:3)
  4 centaur zombies
  A fire crab simulacrum (Lair:5)
  4 jellies
  6 quasits
  A bullfrog zombie (D:6)
  A bullfrog skeleton (D:2)
  19 orc priests
  2 hounds (D:6)
  3 centaur skeletons
  2 gnoll shamans
  An iron imp (Pan)
  3 iguanas
  15 orc wizards
  4 hell rats (Hell)
  A killer bee zombie (D:7)
  A hound zombie (D:5)
  10 mummies (Crypt:3)
  4 howler monkey zombies
  13 gnolls
  An adder (D:3)
  A shadow imp (D:6)
  A swamp drake skeleton (Crypt:1)
  4 white imps
  2 ufetubi
  A worm zombie (Crypt:1)
  An adder skeleton (D:4)
  A worm (D:3)
  4 dart slugs
  90 orcs
  6 ball pythons
  9 endoplasms
  3 giant cockroaches
  10 goblins
  8 hobgoblins
  A jackal (D:2)
  8 quokkas
  4 bats
  4 frilled lizards
  32 kobolds
  12 rats
  A rat skeleton (Crypt:2)
  A creeping inferno (Geh:6)
  12 fire vortices
  A lurking horror (Abyss:1)
  2 plants
  12 starspawn tentacles
  6 tentacles
3440 creatures vanquished.

Vanquished Creatures (collateral kills)
  A dread lich (Geh:3)
  A doom hound (Tar:5)
  A hellephant (Geh:3)
  2 searing wretches
  3 balrugs
  2 very ugly things (Abyss:1)
  A salamander tyrant (Geh:2)
  2 stokers (Geh:6)
  7 hell hogs
  A sun demon (Pan)
  A molten gargoyle (Geh:7)
  A smoke demon (Pan)
  A creeping inferno (Geh:3)
  4 fire vortices
  A lurking horror (Abyss:1)
29 creatures vanquished.

Vanquished Creatures (others)
  A hellephant (Geh:6)
  A fire giant (Geh:7)
  A draconian shifter (Zot:1)
  A demonspawn blood saint (Pan)
  A deep elf annihilator (Zot:1)
  A harpy (Shoals:4)
  A deep elf pyromancer (Elf:2)
  A molten gargoyle (Geh:7)
  6 ball lightnings (Pan)
  2 creeping infernos
  5 demonic plants
  4 foxfires (Abyss:1)
  15 fungi
  184 plants
  20 starspawn tentacles
  4 tentacles
  15 withered plants
263 creatures vanquished.

Grand Total: 3732 creatures vanquished

Notes
Turn   | Place    | Note
-------+----------+-------------------------------------------
     0 | D:1      | Turgor the Minotaur Fighter began the quest for the Orb.
     0 | D:1      | Reached XP level 1. HP: 19/19 MP: 0/0
    91 | D:1      | Reached XP level 2. HP: 25/27 MP: 1/1
   429 | D:1      | Reached skill level 4 in Fighting
   471 | D:1      | Found Ympumi's Weapon Shoppe.
   550 | D:1      | Reached XP level 3. HP: 32/33 MP: 2/2
  1166 | D:2      | Found a faded altar of an unknown god.
  1167 | D:2      | Noticed a floating eye
  1169 | D:2      | Noticed a great orb of eyes
  1170 | D:2      | Noticed a great orb of eyes
  1170 | D:2      | Noticed a floating eye
  1207 | D:2      | Reached XP level 4. HP: 34/40 MP: 3/3
  1625 | D:3      | You fall into a shaft and drop 3 floors!
  1722 | D:5      | Entered Level 5 of the Dungeon
  1726 | D:5      | Reached XP level 5. HP: 39/47 MP: 4/4
  1791 | D:5      | Found Qicvun's CLEARANCE SALE!.
  1813 | D:5      | Bought a wand of flame (8) for 10 gold pieces
  1813 | D:5      | Bought a potion of haste for 20 gold pieces
  1831 | D:5      | Reached skill level 5 in Axes
  1934 | D:4      | Found an ancient bone altar of Kikubaaqudgha.
  1934 | D:4      | Found a white marble altar of Elyvilon.
  2015 | D:4      | Found a staircase to the Ecumenical Temple.
  2021 | D:4      | Reached skill level 5 in Fighting
  2021 | D:4      | Reached skill level 5 in Armour
  2022 | D:4      | Reached XP level 6. HP: 54/56 MP: 5/5
  2231 | D:4      | Found Niet's Specific Store.
  2232 | D:4      | Found Buitwes's General Store.
  2233 | D:4      | Noticed Duvessa
  2233 | D:4      | Noticed Dowan
  2753 | Temple   | Entered the Ecumenical Temple
  2838 | Temple   | Became a worshipper of Warmaster Okawaru
  3285 | D:3      | Reached XP level 7. HP: 56/62 MP: 6/6
  3411 | D:4      | Bought a scroll of fog for 28 gold pieces
  3467 | D:4      | Killed Duvessa
  3467 | D:4      | Reached * piety under Okawaru
  3470 | D:4      | Killed Dowan
  3471 | D:4      | Reached skill level 6 in Fighting
  4050 | D:5      | Found a glowing golden altar of the Shining One.
  4072 | D:5      | Reached XP level 8. HP: 69/71 MP: 7/7
  4082 | D:5      | Reached ** piety under Okawaru
  4503 | D:6      | Noticed Edmund
  4508 | D:6      | Killed Edmund
  4568 | D:6      | Reached skill level 7 in Fighting
  5189 | D:7      | Noticed a two-headed ogre
  5422 | D:7      | Reached *** piety under Okawaru
  5423 | D:7      | Reached skill level 10 in Axes
  5455 | D:7      | Reached skill level 1 in Invocations
  5455 | D:7      | Reached XP level 9. HP: 74/81 MP: 8/8
  5518 | D:7      | Reached skill level 1 in Evocations
  5580 | D:7      | Reached skill level 8 in Fighting
  5875 | D:7      | Killed a two-headed ogre
  5875 | D:7      | Reached **** piety under Okawaru
  6578 | D:8      | Noticed a purple ugly thing
  6583 | D:8      | Killed a purple ugly thing
  6584 | D:8      | Reached skill level 9 in Fighting
  6584 | D:8      | Reached XP level 10. HP: 87/91 MP: 8/11
  6618 | D:8      | Identified the ring "Facuod" {rC+ SInv}
  6742 | D:8      | Noticed Sigmund
  6757 | D:8      | Killed Sigmund
  7225 | D:9      | Reached ***** piety under Okawaru
  7662 | D:10     | Entered Level 10 of the Dungeon
  7902 | D:10     | Reached skill level 10 in Fighting
  7902 | D:10     | Reached skill level 10 in Armour
  7906 | D:10     | Identified the +3 hand crossbow "Ziqo" {venom, rF+ MP-9
                  | Dex+3}
  7911 | D:10     | Identified the +8 battleaxe of Propriety {vorpal, rElec rC+
                  | Int-5} (Okawaru gifted it to you on level 10 of the
                  | Dungeon)
  7911 | D:10     | Received a gift from Okawaru
  8462 | D:11     | Reached XP level 11. HP: 100/100 MP: 12/12
  8500 | D:11     | Found an ancient bone altar of Kikubaaqudgha.
  8575 | D:11     | Noticed a two-headed ogre
  8599 | D:11     | Found a staircase to the Orcish Mines.
  8658 | D:11     | Found a staircase to the Lair.
  8680 | D:11     | Killed a two-headed ogre
  8877 | D:11     | Reached skill level 5 in Evocations
  8888 | D:11     | Got Sif Muna's Handbook of the Freezing Escort
  8909 | D:11     | Reached ****** piety under Okawaru
  8909 | D:11     | Received a gift from Okawaru
  8910 | D:11     | Reached skill level 11 in Fighting
  9200 | D:12     | Noticed Sonja
  9200 | D:12     | Noticed Snorg
  9255 | D:12     | Found a blossoming altar of Fedhas.
  9255 | D:12     | Noticed a two-headed ogre
  9262 | D:12     | Killed a two-headed ogre
  9324 | D:12     | Reached skill level 15 in Axes
  9430 | D:12     | Noticed Frances
  9436 | D:12     | Noticed a sun demon
  9441 | D:12     | Killed Frances
  9597 | D:12     | Killed Snorg
  9662 | D:12     | Reached XP level 12. HP: 103/112 MP: 13/13
  9691 | D:12     | Killed Sonja
  9692 | D:12     | Reached skill level 12 in Fighting
  9767 | D:12     | Noticed a death knight
  9773 | D:12     | Killed a death knight
  9773 | D:12     | Received a gift from Okawaru
 10070 | D:12     | Noticed Maurice
 10080 | D:12     | Killed Maurice
 10439 | D:13     | Reached skill level 13 in Fighting
 10450 | D:13     | Found a frozen archway.
 10455 | D:13     | Received a gift from Okawaru
 10467 | IceCv    | Entered an ice cave
 10701 | IceCv    | Noticed a death yak
 10717 | IceCv    | Killed a death yak
 10718 | IceCv    | Reached XP level 13. HP: 84/122 MP: 14/14
 10835 | IceCv    | Noticed a frost giant
 10899 | IceCv    | Killed a frost giant
 11105 | IceCv    | Reached skill level 14 in Fighting
 11281 | D:13     | Received a gift from Okawaru
 11414 | D:13     | Found a gate to the Vaults.
 12124 | D:14     | Found a gate leading to a gauntlet.
 12149 | Gauntlet | Entered a Gauntlet
 12149 | Gauntlet | Found a transporter.
 12155 | Gauntlet | Found a transporter.
 12157 | Gauntlet | Found a transporter.
 12161 | Gauntlet | Found a runed translucent door.
 12162 | Gauntlet | Found a transporter.
 12165 | Gauntlet | Found a runed translucent door.
 12168 | Gauntlet | Found a transporter.
 12172 | Gauntlet | Found a transporter.
 12177 | Gauntlet | Found a transporter.
 12180 | Gauntlet | Noticed a dire elephant
 12184 | Gauntlet | Found a transporter.
 12188 | Gauntlet | Found a transporter.
 12193 | Gauntlet | Found a transporter.
 12199 | Gauntlet | Found a transporter.
 12199 | Gauntlet | Found the +2 hood of the Assassin {Detection Stab+ Stlth++}
 12203 | Gauntlet | Found a transporter.
 12208 | Gauntlet | Found a transporter.
 12213 | Gauntlet | Found a transporter.
 12357 | Gauntlet | Killed a dire elephant
 12363 | Gauntlet | Identified the ring of Qeclelah {Drain rPois Will+ Str+2
                  | Dex+6 Slay+3}
 12445 | Gauntlet | Identified the ring of Qasouzar {rPois AC+4}
 12472 | Gauntlet | Noticed a minotaur
 12478 | Gauntlet | Killed a minotaur
 12479 | Gauntlet | Reached skill level 15 in Fighting
 12535 | D:14     | Reached XP level 14. HP: 135/135 MP: 15/15
 12628 | D:14     | Reached skill level 1 in Crossbows
 12628 | D:14     | Reached skill level 1 in Throwing
 12900 | D:14     | Got the Handbook of Transformation and Poisoning
 13114 | Lair:1   | Entered Level 1 of the Lair of Beasts
 13124 | Lair:1   | Noticed Nergalle
 13137 | Lair:1   | Killed Nergalle
 13137 | Lair:1   | Received a gift from Okawaru
 13526 | Lair:1   | Noticed Harold
 13534 | Lair:1   | Killed Harold
 13621 | Lair:1   | Noticed Grum
 13627 | Lair:1   | Killed Grum
 14587 | Lair:2   | Received a gift from Okawaru
 15458 | Lair:3   | Found a dark tunnel.
 15485 | Volcano  | Entered a volcano
 15673 | Volcano  | Received a gift from Okawaru
 16105 | Lair:3   | Found a runed translucent door.
 16133 | Lair:3   | Found a runed translucent gate.
 16134 | Lair:3   | Found a runed translucent gate.
 16134 | Lair:3   | Found a runed translucent gate.
 16134 | Lair:3   | Found a runed translucent gate.
 16134 | Lair:3   | Found a runed translucent gate.
 16139 | Lair:3   | Found a runed translucent gate.
 16596 | Lair:4   | Reached skill level 5 in Crossbows
 16599 | Lair:4   | Reached skill level 16 in Fighting
 16612 | Lair:4   | Reached XP level 15. HP: 102/144 MP: 16/16
 16614 | Lair:4   | Identified the +1 arbalest "Esing" {venom, Dex+4} (Okawaru
                  | gifted it to you on level 4 of the Lair of Beasts)
 16614 | Lair:4   | Received a gift from Okawaru
 16622 | Lair:4   | Reached skill level 5 in Throwing
 16739 | Lair:4   | Found a staircase to the Snake Pit.
 16992 | Lair:4   | Identified the +7 trident "Godiakav" {vorpal, rPois rF+ rC+
                  | rCorr}
 17093 | Lair:4   | Found a staircase to the Shoals.
 17505 | Lair:4   | You are sucked into a shaft and drop 2 floors!
 17505 | Lair:6   | Entered Level 6 of the Lair of Beasts
 18095 | Lair:6   | Received a gift from Okawaru
 18344 | Lair:6   | Received a gift from Okawaru
 18449 | Lair:6   | Received a gift from Okawaru
 18885 | Lair:5   | Found a runed translucent gate.
 18886 | Lair:5   | Found a runed translucent gate.
 18887 | Lair:5   | Found a runed translucent gate.
 18922 | Lair:5   | Found a staircase to the Slime Pits.
 18952 | Lair:5   | Noticed bmj180's ghost (journeyman DrCj)
 18969 | Lair:5   | Killed bmj180's ghost
 19159 | Lair:5   | Reached skill level 17 in Fighting
 20160 | Orc:1    | Entered Level 1 of the Orcish Mines
 20300 | Orc:1    | Reached XP level 16. HP: 155/155 MP: 17/17
 20758 | Orc:2    | Entered Level 2 of the Orcish Mines
 20974 | Orc:2    | Found Houluy's Antique Weapon Boutique.
 21027 | Orc:2    | Found Rajann's Weapon Shoppe.
 21157 | Orc:2    | Found Xeoruotoru's Jewellery Boutique.
 21195 | Orc:2    | Found a staircase to the Elven Halls.
 21308 | Orc:2    | Received a gift from Okawaru
 21468 | Orc:2    | Found Haipaula's Assorted Antiques.
 21480 | Orc:2    | Bought a scroll labelled FANIF INAIJ for 28 gold pieces
 21480 | Orc:2    | Bought a scroll of identify for 56 gold pieces
 21495 | Orc:2    | Found Tuhocs's Magic Scroll Boutique.
 21638 | Orc:2    | Bought a scroll of blinking for 97 gold pieces
 21638 | Orc:2    | Bought a scroll of identify for 26 gold pieces
 21638 | Orc:2    | Bought a scroll of acquirement for 676 gold pieces
 21638 | Orc:2    | Bought a scroll of blinking for 97 gold pieces
 21638 | Orc:2    | Bought a scroll of identify for 26 gold pieces
 21638 | Orc:2    | Bought a scroll of teleportation for 39 gold pieces
 21638 | Orc:2    | Bought a scroll of acquirement for 676 gold pieces
 21638 | Orc:2    | Bought a scroll of teleportation for 39 gold pieces
 21638 | Orc:2    | Bought a scroll of magic mapping for 45 gold pieces
 21640 | Orc:2    | Acquired a manual of Evocations
 21642 | Orc:2    | Acquired 813 gold pieces
 21644 | Orc:2    | Acquired the +3 pair of seven-league boots {Rampage+∞}
 21644 | Orc:2    | Found the +3 pair of seven-league boots {Rampage+∞}
 21669 | Orc:2    | Bought 2 scrolls of teleportation for 168 gold pieces
 21669 | Orc:2    | Bought a scroll of fog for 56 gold pieces
 22197 | Snake:1  | Entered Level 1 of the Snake Pit
 23146 | Snake:1  | Received a gift from Okawaru
 23620 | Snake:2  | Reached skill level 10 in Evocations
 23698 | Snake:2  | Noticed Raylyl's ghost (adept NaFE)
 23701 | Snake:2  | Found a runed translucent door.
 24150 | Snake:2  | Reached skill level 5 in Invocations
 24167 | Snake:2  | Reached XP level 17. HP: 163/163 MP: 19/19
 24282 | Snake:2  | Identified the +12 whip "Turgor's Bane" {vamp, rPois rN+}
 24416 | Snake:3  | Received a gift from Okawaru
 24703 | Snake:3  | Found Qeal's Book Boutique.
 24703 | Snake:3  | Found Cabrinic's Assorted Antiques.
 24721 | Snake:3  | Reached skill level 18 in Fighting
 24942 | Snake:3  | Found Plog's Self-Improvement Boutique.
 25447 | Snake:4  | Entered Level 4 of the Snake Pit
 25452 | Snake:4  | Reached skill level 10 in Crossbows
 25675 | Snake:4  | Found Diozxet's Book Emporium.
 25675 | Snake:4  | Found Woas's Jewellery Shop.
 25676 | Snake:4  | Found Letoef's Book Emporium.
 25690 | Snake:4  | Learned a level 4 spell: Passage of Golubria
 25693 | Snake:4  | Learned a level 2 spell: Wereblood
 25804 | Snake:4  | Noticed Aizul
 25821 | Snake:4  | Killed Aizul
 25899 | Snake:4  | Received a gift from Okawaru
 26752 | Snake:4  | Received a gift from Okawaru
 26937 | Snake:4  | Identified the +1 troll leather armour "Judaeddae" {Regen+
                  | Int+3 Stlth+} (Okawaru gifted it to you on level 4 of the
                  | Snake Pit)
 26937 | Snake:4  | Received a gift from Okawaru
 26958 | Snake:4  | Got a serpentine rune of Zot
 27958 | Shoals:1 | Entered Level 1 of the Shoals
 28249 | Shoals:1 | Noticed a kraken
 28256 | Shoals:1 | Killed a kraken
 28257 | Shoals:1 | Reached XP level 18. HP: 165/173 MP: 22/22
 28424 | Shoals:1 | Noticed Mlioglotl
 28431 | Shoals:1 | Noticed Josephine
 28622 | Shoals:1 | Killed Josephine
 28636 | Shoals:1 | Killed Mlioglotl
 28725 | Shoals:1 | Noticed Roxanne
 29092 | Shoals:1 | Killed Roxanne
 29724 | Shoals:2 | Received a gift from Okawaru
 30042 | Shoals:2 | Reached skill level 19 in Fighting
 30529 | Shoals:3 | Reached skill level 1 in Dodging
 31400 | Shoals:4 | Entered Level 4 of the Shoals
 31400 | Shoals:4 | Found a blossoming altar of Fedhas.
 31520 | Shoals:4 | Paralysed by an air elemental for 1 turns
 31534 | Shoals:4 | Paralysed by an air elemental for 1 turns
 31717 | Shoals:4 | Paralysed by an air elemental for 1 turns
 31762 | Shoals:4 | Noticed Polyphemus
 31775 | Shoals:4 | Killed Polyphemus
 31782 | Shoals:4 | Reached skill level 15 in Armour
 31858 | Shoals:4 | Paralysed by an air elemental for 1 turns
 31913 | Shoals:4 | Received a gift from Okawaru
 32036 | Shoals:4 | Received a gift from Okawaru
 32392 | Shoals:4 | Received a gift from Okawaru
 32504 | Shoals:4 | Identified the +1 robe of Vexation {-Tele Int+4 SInv}
 32589 | Shoals:4 | Got a barnacled rune of Zot
 32592 | Shoals:4 | Identified the +5 giant spiked club of Mopoj Pit {venom,
                  | Str+2}
 32674 | Shoals:4 | Identified the -4 pair of gloves of the Stone Wall {Will+
                  | Str+2} (Okawaru gifted it to you on level 4 of the Shoals)
 32674 | Shoals:4 | Received a gift from Okawaru
 32675 | Shoals:4 | Reached XP level 19. HP: 183/183 MP: 24/24
 33396 | Vaults:1 | Entered Level 1 of the Vaults
 34276 | Vaults:1 | Reached skill level 5 in Dodging
 34366 | Vaults:1 | Found Cupum's General Store.
 34366 | Vaults:1 | Found Vicool's Magic Scroll Shoppe.
 34412 | Vaults:1 | Bought a scroll of teleportation for 48 gold pieces
 34422 | Vaults:1 | Found Figgour's Antique Weapon Shoppe.
 34993 | Vaults:2 | Found a staircase to the Crypt.
 35040 | Vaults:2 | Reached skill level 20 in Fighting
 35044 | Vaults:2 | Received a gift from Okawaru
 35101 | Vaults:2 | Received a gift from Okawaru
 35595 | Vaults:2 | Received a gift from Okawaru
 35708 | Vaults:2 | Identified the +2 pair of boots of Entitlement {Rampage
                  | Slay+2} (Okawaru gifted it to you on level 2 of the Vaults)
 35708 | Vaults:2 | Received a gift from Okawaru
 36457 | Vaults:2 | Upgraded the game from 0.28-a0-1080-g05a166d0ed to
                  | 0.28-a0-1087-gf3fc490d9d
 36468 | Vaults:3 | Found Jiguefog's Distillery.
 36478 | Vaults:3 | Bought a potion of heal wounds for 85 gold pieces
 36478 | Vaults:3 | Bought 2 potions of heal wounds for 170 gold pieces
 36478 | Vaults:3 | Bought a potion of heal wounds for 85 gold pieces
 36521 | Vaults:3 | Reached XP level 20. HP: 184/195 MP: 18/25
 36534 | Vaults:3 | Found Qytoq's Book Boutique.
 37509 | Vaults:3 | Found Muwkuxko's Weapon Emporium.
 37579 | Vaults:3 | Found Osepsab's Magic Scroll Emporium.
 37676 | Vaults:3 | Received a gift from Okawaru
 38431 | Vaults:4 | Received a gift from Okawaru
 38516 | Vaults:4 | Reached skill level 15 in Crossbows
 38870 | Vaults:4 | Noticed Jory
 38893 | Vaults:4 | Killed Jory
 39208 | Vaults:4 | Reached skill level 21 in Fighting
 39208 | Vaults:4 | Reached skill level 5 in Shields
 39255 | Vaults:4 | Received a gift from Okawaru
 39255 | Vaults:4 | Found the +2 hat of the Bear Spirit {Spirit, *Rage Will++}
 40336 | D:15     | Entered Level 15 of the Dungeon
 40386 | D:15     | Found a staircase to the Depths.
 40795 | D:15     | Found Biekhail's Antique Armour Emporium.
 41320 | Depths:1 | Entered Level 1 of the Depths
 41718 | Depths:1 | You fall into a shaft and drop 1 floor!
 41725 | Depths:2 | Found the +8 storm bow {elec, penet}
 41749 | Depths:2 | Found a gateway to Hell.
 41961 | Depths:2 | Reached XP level 21. HP: 146/204 MP: 26/26
 42039 | Depths:2 | Reached skill level 10 in Dodging
 42228 | Depths:2 | Received a gift from Okawaru
 42393 | Depths:1 | Found a portal to a secret trove of treasure.
 42489 | Depths:1 | Found a radiant altar of Vehumet.
 42490 | Depths:1 | Found a shadowy altar of Dithmenos.
 42577 | Depths:1 | Found a one-way gate to the infinite horrors of the Abyss.
 42897 | Depths:1 | Paralysed by a floating eye for 2 turns
 43257 | Depths:2 | Received a gift from Okawaru
 43733 | Depths:2 | Found a one-way gate leading to the halls of Pandemonium.
 43738 | Depths:2 | Identified the +0 pair of boots of the Spheres {rN+ Dex+3}
                  | (Okawaru gifted it to you on level 2 of the Depths)
 43738 | Depths:2 | Received a gift from Okawaru
 43912 | Depths:3 | Found a gateway to a ziggurat.
 44293 | Elf:1    | Entered Level 1 of the Elven Halls
 44454 | Elf:1    | Noticed Jorgrun
 44464 | Elf:1    | Killed Jorgrun
 44853 | Elf:1    | Paralysed by an air elemental for 1 turns
 44888 | Elf:1    | Found a runed translucent door.
 44889 | Elf:1    | Found a shimmering altar of Xom.
 44889 | Elf:1    | Noticed ThreePoint314's ghost (journeyman TrCK)
 45049 | Elf:1    | Found a bloodstained altar of Trog.
 45614 | Elf:1    | Killed ThreePoint314's ghost
 45709 | Elf:2    | Reached skill level 22 in Fighting
 45922 | Elf:2    | Found a runed translucent gate.
 45922 | Elf:2    | Found a runed translucent gate.
 45923 | Elf:2    | Found a runed translucent gate.
 46288 | Elf:2    | Noticed Agnes
 46347 | Elf:2    | Killed Agnes
 46477 | Elf:2    | Received a gift from Okawaru
 46641 | Elf:2    | Reached XP level 22. HP: 179/215 MP: 27/27
 46810 | Elf:3    | Entered Level 3 of the Elven Halls
 46899 | Elf:3    | Reached skill level 10 in Shields
 46975 | Elf:3    | Received a gift from Okawaru
 47293 | Elf:3    | Found Xidituon's Elven Fire.
 47294 | Elf:3    | Paralysed by an air elemental for 1 turns
 47780 | Elf:3    | Found a runed translucent gate.
 47780 | Elf:3    | Found a runed translucent gate.
 47781 | Elf:3    | Found a runed translucent gate.
 47782 | Elf:3    | Noticed Huli's ghost (master GnWn)
 48133 | Elf:3    | Identified the +1 scale mail "Nitaipo" {Fly rN+ Str-2}
 48200 | Elf:3    | Identified the ring "Anneg" {Fire Int+3 Dex+2}
 48363 | Elf:3    | Got Vuumm's Compendium of Nocuous Moulding
 48464 | Elf:3    | Identified the +7 bardiche of Yple {speed, Dex+3}
 48471 | Elf:3    | Got Sif Muna's Collected Works on Destructive Stones
 48474 | Elf:3    | Identified the +8 mace of the Aged Yaks {vorpal, Fragile
                  | rPois Int+5}
 48485 | Elf:3    | Identified the +4 shortbow "Tegriduw" {flame, Dex+3}
 48489 | Elf:3    | Identified the ring "Japadaur" {rElec rN+ rCorr Int+5}
 48912 | Snake:2  | Killed Raylyl's ghost
 48922 | Snake:2  | Acquired the ring of a Thousand Wishes {rF+ MP+9 Str+5}
 49228 | Vaults:3 | Bought a scroll of holy word for 112 gold pieces
 49228 | Vaults:3 | Bought a scroll of blinking for 112 gold pieces
 49228 | Vaults:3 | Bought a scroll of acquirement for 780 gold pieces
 49228 | Vaults:3 | Acquired the +0 pair of gloves of Free Will {Int+4}
 49370 | Vaults:1 | Bought 2 scrolls of acquirement for 1872 gold pieces
 49370 | Vaults:1 | Bought a scroll of blinking for 135 gold pieces
 49370 | Vaults:1 | Bought a scroll of enchant weapon for 135 gold pieces
 49371 | Vaults:1 | Acquired the amulet "Dotoph" {RegenMP +Inv Int+10 Dex-2
                  | Stlth+}
 49372 | Vaults:1 | Acquired the ring "Luruogos" {rF+++ Will+ MP-9 Slay+5}
 50849 | Depths:1 | Voluntarily entered the Abyss.
 50984 | Abyss:1  | Gained mutation: You have hidden genetic defects. [a
                  | neqoxec]
 51217 | Abyss:2  | Gained mutation: You tend to lose your temper in combat. [a
                  | neqoxec]
 51485 | Abyss:2  | Received a gift from Okawaru
 51495 | Abyss:2  | Identified the +2 ring mail "Ifaizaec" {Drain rC- Regen+
                  | Dex+8}
 51588 | Abyss:2  | Found a corrupted altar of Lugonu.
 51986 | Abyss:4  | Gained mutation: You are weak. (Str -2) [hidden defects]
 51988 | Abyss:4  | Lost mutation: You have hidden genetic defects. [potion of
                  | mutation]
 51988 | Abyss:4  | Lost mutation: You tend to lose your temper in combat.
                  | [potion of mutation]
 51988 | Abyss:4  | Lost mutation: You are weak. (Str -2) [potion of mutation]
 51988 | Abyss:4  | Gained mutation: You passively dampen the noise of your
                  | surroundings. [potion of mutation]
 51988 | Abyss:4  | Gained mutation: You are resistant to electric shocks.
                  | (rElec) [potion of mutation]
 51988 | Abyss:4  | Gained mutation: You possess an exceptional clarity of
                  | mind. [potion of mutation]
 51988 | Abyss:4  | Gained mutation: You are robust. (+10% HP) [potion of
                  | mutation]
 52243 | Abyss:4  | Found a corrupted altar of Lugonu.
 52331 | Abyss:4  | Paralysed by a floating eye for 2 turns
 52344 | Abyss:4  | Got an abyssal rune of Zot
 52378 | Abyss:4  | Reached skill level 23 in Fighting
 52537 | Abyss:4  | Gained mutation: Your spells are a little easier to cast,
                  | but a little less powerful. [a neqoxec]
 52577 | Depths:1 | Escaped the Abyss
 52625 | Depths:1 | You showed the abyssal rune of Zot to enter a treasure
                  | trove
 52626 | Trove    | Entered a treasure trove
 52636 | Trove    | Identified the +6 battleaxe of Fyckoet {antimagic, rF+
                  | Str+2 Dex+3}
 52645 | Trove    | Identified the +5 hand crossbow "Wirroes" {elec, Str+5
                  | SInv}
 52649 | Trove    | Identified the +7 war axe of Dasaig {vorpal, rPois MP+9
                  | Stlth+}
 53031 | Depths:3 | Paralysed by a floating eye for 4 turns
 53039 | Depths:3 | Paralysed by a floating eye for 3 turns
 53048 | Depths:3 | Paralysed by a floating eye for 2 turns
 53127 | Depths:3 | Learned a level 1 spell: Apportation
 53213 | Depths:3 | Received a gift from Okawaru
 53225 | Depths:3 | Reached XP level 23. HP: 244/248 MP: 28/28
 53226 | Depths:3 | Reached skill level 1 in Transmutations
 53430 | Depths:3 | Reached skill level 1 in Translocations
 53546 | Depths:3 | Reached skill level 1 in Spellcasting
 53611 | Depths:3 | Received a gift from Okawaru
 53989 | Depths:3 | Received a gift from Okawaru
 54432 | Depths:4 | Entered Level 4 of the Depths
 54568 | Depths:4 | Received a gift from Okawaru
 54886 | Depths:4 | Identified the +2 leather armour "Yladefav" {rF+ rC+ SInv}
 55012 | Depths:4 | Noticed Xtahua
 55026 | Depths:4 | Killed Xtahua
 55073 | Depths:4 | Found a gate to the Realm of Zot.
 56159 | Vaults:5 | Entered Level 5 of the Vaults
 56215 | Vaults:5 | Identified the +0 pair of boots "Rohuj" {rN++ rCorr Str+4
                  | Dex-3} (Okawaru gifted it to you on level 5 of the Vaults)
 56215 | Vaults:5 | Received a gift from Okawaru
 56273 | Vaults:5 | Noticed a dread lich
 56291 | Vaults:5 | Killed a dread lich
 56682 | Vaults:5 | Identified the +10 hand axe of the Evening {holy, rF+}
 56799 | Vaults:5 | Reached XP level 24. HP: 256/260 MP: 28/28
 56831 | Vaults:5 | Identified the ring "Tuogomn" {Fly rC+ Str+6 Int-4}
 57350 | Vaults:5 | Got a silver rune of Zot
 57447 | Vaults:5 | Received a gift from Okawaru
 57658 | Vaults:5 | Received a gift from Okawaru
 57719 | Vaults:5 | Identified the +4 chain mail of Subjectivity {rPois rF+}
 57776 | Vaults:5 | Found the +2 ratskin cloak {*Rats rPois rN+ Str-1 Int-1
                  | Dex+1}
 57788 | Vaults:5 | Identified the +0 pair of gloves of Nipen {*Slow Str+4}
 57927 | Vaults:5 | Received a gift from Okawaru
 57928 | Vaults:5 | Reached skill level 24 in Fighting
 58079 | Vaults:5 | Gained mutation: You are clumsy. (Dex -2) [a shining eye]
 59771 | Slime:1  | Entered Level 1 of the Pits of Slime
 59788 | Slime:1  | Reached skill level 5 in Transmutations
 59983 | Slime:2  | Received a gift from Okawaru
 60092 | Slime:5  | Entered Level 5 of the Pits of Slime
 60204 | Slime:5  | Received a gift from Okawaru
 60212 | Slime:5  | Reached skill level 5 in Translocations
 60328 | Slime:5  | Found a viscous altar of Jiyva.
 60339 | Slime:5  | Noticed the Royal Jelly
 60372 | Slime:4  | Gained mutation: You are occasionally teleported next to
                  | monsters. [a shining eye]
 60418 | Slime:3  | Reached skill level 15 in Dodging
 60420 | Slime:3  | Gained mutation: You are very clumsy. (Dex -4) [a shining
                  | eye]
 60426 | Slime:3  | Lost mutation: You possess an exceptional clarity of mind.
                  | [a shining eye]
 60427 | Slime:3  | Gained mutation: You are weak. (Str -2) [a shining eye]
 60433 | Slime:3  | Lost mutation: You are weak. (Str -2) [potion of mutation]
 60433 | Slime:3  | Lost mutation: You are very clumsy. (Dex -4) [potion of
                  | mutation]
 60433 | Slime:3  | Lost mutation: Your spells are a little easier to cast, but
                  | a little less powerful. [potion of mutation]
 60433 | Slime:3  | Gained mutation: You have hidden genetic defects. [potion
                  | of mutation]
 60433 | Slime:3  | Lost mutation: You are clumsy. (Dex -2) [potion of
                  | mutation]
 60433 | Slime:3  | Gained mutation: Your system is resistant to poisons.
                  | (rPois) [potion of mutation]
 60434 | Slime:3  | Lost mutation: You are robust. (+10% HP) [potion of
                  | mutation]
 60434 | Slime:3  | Lost mutation: You are resistant to electric shocks.
                  | (rElec) [potion of mutation]
 60434 | Slime:3  | Lost mutation: Your system is resistant to poisons. (rPois)
                  | [potion of mutation]
 60434 | Slime:3  | Gained mutation: You are partially covered in iridescent
                  | scales. (AC +2) [potion of mutation]
 60435 | Slime:3  | Lost mutation: You are partially covered in iridescent
                  | scales. (AC +2) [potion of mutation]
 60435 | Slime:3  | Gained mutation: Your magical capacity is low. (-10% MP)
                  | [potion of mutation]
 60435 | Slime:3  | Gained mutation: You have sharp toenails. [potion of
                  | mutation]
 60436 | Slime:3  | Lost mutation: Your magical capacity is low. (-10% MP)
                  | [potion of mutation]
 60436 | Slime:3  | Lost mutation: You have sharp toenails. [potion of
                  | mutation]
 60436 | Slime:3  | Gained mutation: You sometimes lose the ability to read
                  | scrolls when taking damage. [potion of mutation]
 60436 | Slime:3  | Gained mutation: You are partially covered in large bone
                  | plates. (SH +4) [potion of mutation]
 60436 | Slime:3  | Gained mutation: Your flesh is cold resistant. (rC+)
                  | [potion of mutation]
 60437 | Slime:3  | Lost mutation: You sometimes lose the ability to read
                  | scrolls when taking damage. [potion of mutation]
 60437 | Slime:3  | Lost mutation: You passively dampen the noise of your
                  | surroundings. [potion of mutation]
 60437 | Slime:3  | Lost mutation: You are partially covered in large bone
                  | plates. (SH +4) [potion of mutation]
 60437 | Slime:3  | Gained mutation: You have large cloven feet. [potion of
                  | mutation]
 60437 | Slime:3  | Gained mutation: You are robust. (+10% HP) [potion of
                  | mutation]
 60501 | Slime:5  | Gained mutation: Your body sometimes deteriorates upon
                  | taking damage. [a shining eye]
 60505 | Slime:5  | Gained mutation: You are dopey. (Int -2) [a shining eye]
 60508 | Slime:5  | Gained mutation: You are weak. (Str -2) [a shining eye]
 60519 | Slime:5  | Lost mutation: Your body sometimes deteriorates upon taking
                  | damage. [potion of mutation]
 60519 | Slime:5  | Lost mutation: You are occasionally teleported next to
                  | monsters. [potion of mutation]
 60519 | Slime:5  | Lost mutation: You have hidden genetic defects. [potion of
                  | mutation]
 60519 | Slime:5  | Gained mutation: You have supernaturally acute eyesight.
                  | (SInv) [potion of mutation]
 60519 | Slime:5  | Gained mutation: You are very dopey. (Int -4) [potion of
                  | mutation]
 60519 | Slime:5  | Gained mutation: You have a pair of large horns on your
                  | head. [potion of mutation]
 60579 | Slime:5  | Killed the Royal Jelly
 60784 | Slime:5  | Identified the ring of Pahecza {rElec rPois Will+ Slay+2}
 60814 | Slime:5  | Identified the +0 helmet of the Kangaroo {rF- Int-5 Dex+9
                  | SInv}
 60820 | Slime:5  | Identified the amulet of Quyn {Fly Will- Regen+ Str+2}
 60829 | Slime:5  | Identified the +10 broad axe of Inconvenience {protect,
                  | Dex+4}
 60854 | Slime:5  | Identified the +3 leather armour of Conscience {Fly rF-
                  | Will+}
 60856 | Slime:5  | Got a slimy rune of Zot
 60896 | Slime:5  | Lost mutation: You are very dopey. (Int -4) [potion of
                  | mutation]
 60896 | Slime:5  | Lost mutation: You are robust. (+10% HP) [potion of
                  | mutation]
 60896 | Slime:5  | Gained mutation: You are very weak. (Str -4) [potion of
                  | mutation]
 60896 | Slime:5  | Gained mutation: You are strong-willed. (Will+) [potion of
                  | mutation]
 61260 | D:5      | Fell from the grace of Okawaru
 61260 | D:5      | Became a worshipper of the Shining One
 61585 | Crypt:1  | Entered Level 1 of the Crypt
 61628 | Crypt:1  | Reached * piety under the Shining One
 61656 | Crypt:1  | Found a basalt altar of Yredelemnul.
 61747 | Crypt:1  | Reached skill level 5 in Spellcasting
 61748 | Crypt:1  | Reached ** piety under the Shining One
 61834 | Crypt:1  | Identified the +1 ring mail of Hepliaklqana's Esteem {rC+
                  | Dex+2}
 61986 | Crypt:1  | Reached *** piety under the Shining One
 62150 | Crypt:1  | Identified the +8 war axe "Werut" {flame, Fly rC+ Str-4}
 62165 | Crypt:1  | Reached **** piety under the Shining One
 62177 | Crypt:1  | Learned a level 2 spell: Passwall
 62703 | Crypt:2  | Reached ***** piety under the Shining One
 62704 | Crypt:2  | Noticed Boris
 62723 | Crypt:2  | Killed Boris
 62955 | Crypt:2  | Reached XP level 25. HP: 243/247 MP: 30/30
 63663 | Crypt:3  | Entered Level 3 of the Crypt
 63767 | Crypt:3  | Reached ****** piety under the Shining One
 63774 | Crypt:3  | Reached skill level 15 in Shields
 64527 | Crypt:3  | Found a staircase to the Tomb.
 64527 | Crypt:3  | Noticed a dread lich
 64535 | Crypt:3  | Killed a dread lich
 64542 | Crypt:3  | Learned a level 2 spell: Blink
 64548 | Crypt:3  | Learned a level 5 spell: Manifold Assault
 64713 | Crypt:3  | Acquired 662 gold pieces
 64862 | Crypt:3  | Got the Handbook of Stolen Souls
 64997 | Crypt:3  | Found an ancient bone altar of Kikubaaqudgha.
 65021 | Crypt:3  | Noticed a dread lich
 65033 | Crypt:3  | Killed a dread lich
 65046 | Crypt:3  | Acquired a manual of Evocations
 65049 | Crypt:3  | Got the Papyrus of Ice and Transformation
 65064 | Crypt:3  | Noticed a dread lich
 65073 | Crypt:3  | Killed a dread lich
 65238 | Crypt:3  | Identified a +6 broad axe of holy wrath (a +4 broad axe of
                  | draining blessed by the Shining One)
 65238 | Crypt:3  | Received a gift from the Shining One
 66061 | Zot:1    | Entered Level 1 of the Realm of Zot
 67448 | Zot:1    | Reached skill level 10 in Invocations
 67627 | Zot:2    | You fall into a shaft and drop 1 floor!
 67639 | Zot:3    | Identified the +0 kite shield of Bawke {rN+++ Will- Str+4}
 67964 | Zot:3    | Reached skill level 25 in Fighting
 67986 | Zot:3    | Reached XP level 26. HP: 117/258 MP: 32/32
 69012 | Zot:2    | Identified the +6 glaive "Vyulammixt" {vorpal, rPois Int+5}
 70176 | Zot:4    | Noticed an orb of fire
 70183 | Zot:4    | Noticed an orb of fire
 70189 | Zot:4    | Killed an orb of fire
 70191 | Zot:4    | Gained mutation: Your magical capacity is low. (-10% MP)
                  | [an orb of fire]
 70195 | Zot:4    | Gained mutation: Your body sometimes deteriorates upon
                  | taking damage. [an orb of fire]
 70196 | Zot:4    | Killed an orb of fire
 70197 | Zot:4    | Lost mutation: You are strong-willed. (Will+) [potion of
                  | mutation]
 70197 | Zot:4    | Lost mutation: Your magical capacity is low. (-10% MP)
                  | [potion of mutation]
 70197 | Zot:4    | Gained mutation: You have hoof-like feet. [potion of
                  | mutation]
 70198 | Zot:4    | Lost mutation: You are very weak. (Str -4) [potion of
                  | mutation]
 70198 | Zot:4    | Lost mutation: Your body sometimes deteriorates upon taking
                  | damage. [potion of mutation]
 70198 | Zot:4    | Gained mutation: Your flesh is heat resistant. (rF+)
                  | [potion of mutation]
 70198 | Zot:4    | Gained mutation: You are partially covered in large bone
                  | plates. (SH +4) [potion of mutation]
 70327 | Zot:4    | Was forgiven by Okawaru
 71241 | D:4      | Bought a potion of mutation for 112 gold pieces
 71241 | D:4      | Bought a wand of acid (13) for 476 gold pieces
 71913 | Pan      | Entered Pandemonium
 71913 | Pan      | Found an exit through the horrors of the Abyss.
 72159 | Pan      | Noticed Rufraine the pandemonium lord
 72174 | Pan      | Killed Rufraine the pandemonium lord
 72206 | Pan      | Identified the +1 chain mail of Yfufak {rF+}
 72896 | Pan      | Noticed Qareoxze the pandemonium lord
 72907 | Pan      | Killed Qareoxze the pandemonium lord
 74024 | Pan      | Reached XP level 27. HP: 266/266 MP: 35/35
 74232 | Pan      | Reached skill level 10 in Translocations
 74602 | Pan      | Noticed Nafua the pandemonium lord
 74611 | Pan      | Killed Nafua the pandemonium lord
 74656 | Pan      | Got a demonic rune of Zot
 75760 | Pan      | Found an exit through the horrors of the Abyss.
 76040 | Pan      | Noticed Qataej Warph the pandemonium lord
 76071 | Pan      | Killed Qataej Warph the pandemonium lord
 76072 | Pan      | Reached skill level 10 in Spellcasting
 76112 | Pan      | Found a runed translucent door.
 76136 | Pan      | Gained mutation: Your body sometimes deteriorates upon
                  | taking damage. [a cacodemon]
 76196 | Pan      | Reached skill level 26 in Fighting
 76684 | Pan      | Identified the +6 plate armour "Zutih" {Int+2 Dex+2}
 76778 | Pan      | Noticed Foemm the pandemonium lord
 76789 | Pan      | Killed Foemm the pandemonium lord
 76808 | Pan      | Entered the realm of Lom Lobon.
 77043 | Pan      | Acquired a manual of Invocations
 77103 | Pan      | Identified the +5 scale mail of Arpho {Contam rPois rF++
                  | Int+4}
 77287 | Pan      | Reached skill level 10 in Transmutations
 77641 | Pan      | Noticed Lom Lobon
 77664 | Pan      | Killed Lom Lobon
 77671 | Pan      | Got a magical rune of Zot
 78044 | Depths:2 | Escaped Pandemonium
 78199 | D:13     | Learned a level 3 spell: Swiftness
 78705 | Hell     | Entered the Vestibule of Hell
 78705 | Hell     | Noticed Geryon
 78740 | Hell     | Killed Geryon
 78817 | Hell     | Found a gateway to the Iron City of Dis.
 78871 | Hell     | Found a gateway to the freezing wastes of Cocytus.
 79084 | Hell     | Found a gateway to the ashen valley of Gehenna.
 79192 | Hell     | Found a gateway to the decaying netherworld of Tartarus.
 79359 | Geh:1    | Entered Level 1 of Gehenna
 79446 | Geh:2    | Reached skill level 10 in Throwing
 79572 | Geh:3    | Noticed a dread lich
 79577 | Geh:3    | Killed a dread lich
 79842 | Depths:1 | Voluntarily entered the Abyss.
 80070 | Abyss:1  | Noticed an ancient lich
 80087 | Abyss:1  | Killed an ancient lich
 80134 | Abyss:1  | Noticed a dread lich
 80137 | Abyss:1  | Killed a dread lich
 80156 | Depths:1 | Escaped the Abyss
 80605 | Depths:1 | Voluntarily entered the Abyss.
 80944 | Abyss:1  | Gained mutation: You are frail. (-10% HP) [a neqoxec]
 80947 | Abyss:1  | Gained mutation: You are very frail. (-20% HP) [a neqoxec]
 80957 | Abyss:1  | Reached skill level 27 in Fighting
 80967 | Abyss:1  | Lost mutation: You have a pair of large horns on your head.
                  | [potion of mutation]
 80967 | Abyss:1  | Lost mutation: You are very frail. (-20% HP) [potion of
                  | mutation]
 80967 | Abyss:1  | Lost mutation: Your body sometimes deteriorates upon taking
                  | damage. [potion of mutation]
 80967 | Abyss:1  | Gained mutation: You tend to lose your temper in combat.
                  | [potion of mutation]
 80967 | Abyss:1  | Lost mutation: You are frail. (-10% HP) [potion of
                  | mutation]
 80977 | Abyss:1  | Identified the +5 hunting sling "Suwod" {speed, rF++ Str-2
                  | Dex+4}
 80985 | Abyss:1  | Gained mutation: You are very dopey. (Int -4) [a neqoxec]
 81035 | Depths:1 | Escaped the Abyss
 81286 | Geh:7    | Entered Level 7 of Gehenna
 81582 | Geh:7    | Found the +7 sceptre of Asmodeus
 81582 | Geh:7    | Noticed Asmodeus
 81602 | Geh:7    | Killed Asmodeus
 81633 | Geh:7    | Got an obsidian rune of Zot
 81803 | Hell     | Upgraded the game from 0.28-a0-1087-gf3fc490d9d to
                  | 0.28-a0-1117-g0bdd5ba030
 81827 | Tar:1    | Entered Level 1 of Tartarus
 82279 | Hell     | HP: 7/248 [doom hound (11)]
 82279 | Hell     | Slain by a bone dragon

Illustrated notes

Levels and vault maps discovered:
D:1:      amcnicky_arrival_underground_garden, layout_rooms, serial_glass,
          glass_columns_a, glass_columns_a, feat_on_display, item_on_display_b,
          serial_shops, nicolae_shop_bloodbath_and_beyond
D:2:      minmay_door_path, layout_basic,
          hellmonk_ecumenical_altar_watching_god, minmay_distorted
D:3:      wad_woods_tower, layout_basic
D:4:      layout_rooms, nicolae_overflow_hidden_temple,
          minmay_temple_entry_statues_pillars, dk_noncrumbling_2,
          nicolae_specific_store, minmay_misc_feat_secret_circle, uniq_duvessa
D:5:      layout_cave_pods, mainiacjoe_overflow_brackets, nicolae_shop_clearance
D:6:      layout_basic, minivault_4, st_stairs_5, uniq_edmund
D:7:      layout_basic
D:8:      layout_basic, sigmund_army
D:9:      layout_rooms
D:10:     layout_rooms
D:11:     layout_basic, david_lair_shrubbed, minmay_orc_entry_temple_small,
          kiku_gazebo_garden_becter
D:12:     layout_roguey, fedhas_altar_1, uniq_frances, uniq_maurice, uniq_sonja,
          uniq_snorg
D:13:     layout_gridville, erik_vaults_2, portal_ice_cave_rime,
          serial_bayou_crossing
D:14:     layout_cave_pools, special_room [special_room_bee],
          gauntlet_entry_generic
D:15:     gammafunk_depths_entry_grave, layout_cave_pods, serial_park_avenue1,
          serial_shops, nicolae_shop_overgrown_old_shop
Temple:   mainiacjoe_temple_bowtie_tessellation
Lair:1:   minmay_lair_oklob_chamber, layout_regular_city, uniq_harold,
          uniq_nergalle, uniq_grum
Lair:2:   cheibrodos_lair_river_kwai, layout_layer_cave
Lair:3:   gammafunk_indiana_jones, layout_loops_ring, enter_volcano_1,
          infiniplex_staircase_pool
Lair:4:   layout_small_grid, elwin_shoals_entry_rooms, dummy_snake_entry,
          lemuel_fruit_fields, lemuel_fruit_tree, infiniplex_staircase_pool_2
Lair:5:   layout_concentric_octagons, nicolae_slime_entry_slimehenge,
          gammafunk_ghost_necromancy, serial_bayou_shore_b
Lair:6:   hangedman_lair_caniforms_friends, layout_hall_layers,
          serial_bayou_shore_b
Shoals:1: layout_shoals, overgrown_hall, uniq_roxanne, uniq_josephine,
          uniq_mlioglotl
Shoals:2: layout_shoals
Shoals:3: layout_shoals
Shoals:4: shoals_end_hellmonk_storm_palace [storm_palace_center_circular,
          storm_palace_corner_altar, storm_palace_corner_narrow,
          storm_palace_corner_blocked, storm_palace_corner_pillars],
          serial_shops, uniq_polyphemus
Snake:1:  layout_basic, grunt_megastairs_3
Snake:2:  nicolae_snake_attic_fulla_snakes, layout_rooms,
          hellmonk_ghost_happy_afterlife
Snake:3:  layout_chambers, nicolae_shop_self_help, minmay_shoptagon
Snake:4:  grunt_snake_rune_spirals, layout_onion_interference,
          corexii_hall_statues_x, drop_trap, grunt_ministairs_3,
          minmay_shop_grove, uniq_aizul
Slime:1:  layout_caves
Slime:2:  layout_caves
Slime:3:  layout_caves, cheibrodos_slime_lost_civilization_6
Slime:4:  layout_caves
Slime:5
Orc:1:    layout_caves, elves_outpost_lemuel
Orc:2:    st_orc_town, layout_caves, special_room,
          minmay_shop_enchanted_jewellery
Elf:1:    eino_elf_arrival_the_gate, layout_loops_corners, ebering_ghost_xom,
          minivault_28, evilmike_spriggan_trog_shrine, uniq_jorgrun
Elf:2:    elven_hall_of_blades_hangedman_original
          [nicolae_blade_entry_crossed_weapons], layout_geoelf_octagon,
          uniq_agnes
Elf:3:    elf_hall_gauntlet_narrow, layout_loops_cross, special_room
          [special_room_orc], gammafunk_ghost_tricky_traps, st_stairs_2,
          guppyfry_elf_lava
Vaults:1: v_misc_33, ontoclasm_vaults_fault, vaults_standard_mumra_lines,
          v_alt_pattern_2, grunt_vaults_focal, nicolae_vaults_network_star,
          v_misc_9, ontoclasm_vaults_chip, hangedman_vaults_hard_town_square,
          vaults_mumra_lcd, hangedman_vaults_corner_blocks,
          vaults_room_semicircle, layout_vaults_ring
Vaults:2: nicolae_vaults_network_s, hangedman_vaults_nodes,
          vaults_standard_mumra_enter_the_diamond, grunt_vaults_hallway_short,
          minmay_crypt_entry_vampire_xt, vaults_mumra_chevron,
          nicolae_vaults_circle_grid_b, nicolae_vaults_stairing_the_circle,
          ontoclasm_vaults_ring_large, dpeg_vaults_pockets_of_resistance,
          v_misc_8, vaults_room_door_ring, nicolae_vaults_gold_heap,
          nicolae_vaults_yaktaur_gun_rack, layout_vaults_omnibox
Vaults:3: vaults_room_octagon, v_misc_14, hangedman_vaults_hat, v_misc_29,
          v_misc_8, v_rooms_5, v_misc_27, v_misc_19, grunt_vaults_twisty,
          nicolae_vaults_rhombus_5, vaults_dpeg_encased_lava,
          layout_vaults_omnicross, serial_shops, shop_scrolls, shop,
          nicolae_shop_window_shopping, nicolae_shop_trees
Vaults:4: v_pattern_3, nicolae_vaults_little_squares_1,
          nicolae_vaults_three_branches, nicolae_vaults_ring_of_whatevers,
          dpeg_vaults_monster_box, vaults_room_pool, layout_vaults_omnigrid,
          uniq_jory
Vaults:5
Crypt:1:  layout_gridlike, basic_altar, st_stairs_14, hex_medium, minivault_25
Crypt:2:  layout_gridlike, minivault_19, lemuel_upstairs_altar, uniq_boris
Crypt:3:  quadcrypt_mu
Depths:1: layout_honeycomb, enter_trove_1, hellmouth_3, vehumet_crystals,
          abyss_entry, grunt_dithmenos_smoke_and_mirrors
Depths:2: onia_ninara_swampy_vault, layout_gridlike, lightli_too_deep,
          kennysheep_nondescript, pan_entry
Depths:3: grunt_bruiser_brothers, layout_cave_shapes, enter_ziggurat_c,
          hell_entry, chequers_serial_rivers_small_3, pan_entry, abyss_entry,
          hangedman_decor_push
Depths:4: evilmike_zot_entry_argh, layout_cave_pools, rand_demon_pan_entry_7,
          hell_entry, uniq_xtahua
Hell
Geh:1:    layout_gehenna_pools_box
Geh:2:    layout_gehenna_lava_caves
Geh:3:    layout_gehenna_lava_caves
Geh:4:    layout_gehenna_lava_caves, nicolae_geh_fiery_graves
          [nicolae_geh_single_fiery_grave, nicolae_geh_single_fiery_grave,
          nicolae_geh_single_fiery_grave, nicolae_geh_single_fiery_grave,
          nicolae_geh_single_fiery_grave, nicolae_geh_single_fiery_grave,
          nicolae_geh_single_fiery_grave, nicolae_geh_single_fiery_grave,
          nicolae_geh_single_fiery_grave]
Geh:5:    layout_gehenna_pools_basic
Geh:6:    layout_gehenna_pools_basic
Geh:7:    geh_grunt
Tar:1:    layout_grid_maze
Tar:2:    layout_grid_maze
Tar:3:    layout_catacombs, nicolae_hells_seeping_fissure
Tar:4:    layout_catacombs
Tar:5:    layout_grid_maze, evilmike_ambush [evilmike_ambush_outer_pillars,
          evilmike_ambush_inner_basic]
Zot:1:    grunt_twist_and_shout, layout_concentric_octagons
Zot:2:    layout_onion_interference
Zot:3:    layout_gridlike
Zot:4:    lemuel_firehouse, layout_onion_interference

Skill      XL: |  1  2  3  4  5  6  7  8  9 10 11 12 13 14 15 16 17 18 19 20 21 22 23 24 25 26 27 |
---------------+----------------------------------------------------------------------------------+-----
Axes           | 3 4 5 6 8 10 11 13 15 18 19 20 22 23 24 | 24.0
Fighting       | 4 5 6 7 9 10 11 13 15 16 17 18 19 20 21 22 23 24 25 27 | 27.0
Armour         | 4 5 6 7 9 10 11 13 14 15 16 17 19 20 21 22 25 | 25.2
Shields        | 4 6 9 12 13 14 15 | 15.0
Invocations    | 1 3 5 7 8 9 10 11 14 | 14.0
Evocations     | 3 4 6 8 9 10 12 13 14 | 14.0
Crossbows      | 5 7 9 11 13 14 15 16 17 18 | 18.0
Throwing       | 4 7 8 9 12 | 12.4
Dodging        | 3 7 9 11 13 14 15 16 17 20 | 20.6
Transmutations | 4 6 7 8 11 | 11.3
Translocations | 3 5 7 9 12 | 12.3
Spellcasting   | 3 5 7 9 11 | 11.3

Action                   |  1- 3 |  4- 6 |  7- 9 | 10-12 | 13-15 | 16-18 | 19-21 | 22-24 | 25-27 || total
-------------------------+-------+-------+-------+-------+-------+-------+-------+-------+-------++-------
Melee: War axe           |    73 |   140 |   254 |   123 |       |       |       |       |       ||   590
       Headbutt          |     8 |    27 |    42 |    83 |   232 |   239 |   462 |   626 |   814 ||  2533
       Battleaxe         |       |       |       |   309 |   896 |   891 |   594 |       |       ||  2690
       Broad axe         |       |       |       |       |       |       |   914 |  1747 |  2748 ||  5409
 Fire: Arbalest          |       |       |       |       |       |   422 |    59 |       |       ||   481
       Hand crossbow     |       |       |       |       |       |       |   120 |   326 |    49 ||   495
Throw: Dart              |       |       |       |       |     5 |       |       |       |       ||     5
       Throwing net      |       |       |       |       |       |     1 |       |       |       ||     1
       Javelin           |       |       |       |       |       |       |       |     3 |     1 ||     4
 Cast: Wereblood         |       |       |       |       |       |       |       |     5 |    15 ||    20
       Manifold Assault  |       |       |       |       |       |       |       |       |     7 ||     7
Invok: Heroism           |       |       |     3 |    10 |    19 |    14 |    24 |     8 |       ||    78
       Finesse           |       |       |       |       |       |       |     9 |     1 |       ||    10
       Cleansing Flame   |       |       |       |       |       |       |       |       |     4 ||     4
       Brand Weapon With |       |       |       |       |       |       |       |       |     1 ||     1
       Summon Divine War |       |       |       |       |       |       |       |       |     8 ||     8
       Divine Shield     |       |       |       |       |       |       |       |       |     4 ||     4
Evoke: Wand              |       |       |    12 |    13 |     8 |     8 |     8 |     6 |     6 ||    61
       Condenser vane    |       |       |       |       |       |       |       |     1 |       ||     1
       Phantom mirror    |       |       |       |       |       |       |       |       |     1 ||     1
  Use: Scroll            |       |     2 |     8 |     6 |     8 |     9 |    10 |    30 |    11 ||    84
       Potion            |       |       |     2 |       |     2 |     5 |     5 |    19 |    19 ||    52
 Stab: Paralysed         |       |       |       |       |     1 |       |     1 |       |       ||     2
       Distracted        |       |       |       |       |       |     1 |       |       |       ||     1
       Sleeping          |       |       |       |       |       |       |     1 |       |       ||     1
       Invisible         |       |       |       |       |       |       |       |     3 |       ||     3
       Confused          |       |       |       |       |       |       |       |     1 |       ||     1
Armor: Scale mail        |    38 |    80 |     4 |       |       |       |       |       |       ||   122
       Chain mail        |       |       |    96 |   240 |   351 |   480 |   536 |   424 |       ||  2127
       Plate armour      |       |       |       |       |   194 |       |       |   153 |   963 ||  1310
       Skin              |       |       |       |       |       |       |       |    14 |       ||    14
Dodge: Dodged            |    42 |    45 |    89 |   156 |   261 |   373 |   532 |   605 |   942 ||  3045
Block: Buckler           |     9 |    25 |    48 |    17 |       |       |   221 |   432 |   459 ||  1211
       Reflection        |       |       |       |       |       |       |     8 |    25 |    34 ||    67
       Kite shield       |       |       |       |       |       |       |       |       |   937 ||   937

Table legend: (Time is in decaauts)
 A = Elapsed time spent in this place.
 B = Non-inter-level travel time spent in this place.
 C = Inter-level travel time spent in this place.
 D = Time resting spent in this place.
 E = Time spent auto-exploring this place.
 F = Levels seen in this place.
 G = Mean time per level.
                   A        B        C        D        E       F      G
               +--------+--------+--------+--------+--------+-----+--------+
         Total |  80121 |  67951 |  12170 |   5503 |  31995 |  86 |  931.6 |
       Dungeon |  15826 |  12295 |   3531 |    596 |   8218 |  15 | 1055.1 |
        Temple |    119 |     86 |     33 |      0 |     69 |   1 |  119.0 |
          Lair |   7643 |   6418 |   1225 |     89 |   4817 |   6 | 1273.8 |
        Shoals |   5244 |   4912 |    332 |    640 |   1972 |   4 | 1311.0 |
     Snake Pit |   5803 |   5302 |    501 |    979 |   2085 |   4 | 1450.8 |
    Slime Pits |   1125 |   1060 |     65 |    182 |      0 |   5 |  225.0 |
  Orcish Mines |   1681 |   1400 |    281 |      0 |    965 |   2 |  840.5 |
   Elven Halls |   4479 |   4004 |    475 |    312 |   1907 |   3 | 1493.0 |
        Vaults |  10780 |   7811 |   2969 |   1007 |   1778 |   5 | 2156.0 |
         Crypt |   3872 |   3759 |    113 |    238 |   2153 |   3 | 1290.7 |
        Depths |   7285 |   4883 |   2402 |    361 |   2170 |   4 | 1821.2 |
          Hell |    851 |    808 |     43 |     50 |    271 |   1 |  851.0 |
       Gehenna |    928 |    922 |      6 |      0 |      0 |   7 |  132.6 |
      Tartarus |    396 |    396 |      0 |      0 |      0 |   5 |   79.2 |
           Zot |   4544 |   4356 |    188 |    497 |   2888 |   4 | 1136.0 |
         Abyss |   2307 |   2307 |      0 |     48 |      0 |   6 |  384.5 |
   Pandemonium |   5853 |   5853 |      0 |    385 |   2518 |   7 |  836.1 |
         Trove |     54 |     54 |      0 |      0 |      0 |   1 |   54.0 |
      Ice Cave |    677 |    677 |      0 |     50 |    182 |   1 |  677.0 |
       Volcano |    321 |    321 |      0 |     59 |      0 |   1 |  321.0 |
      Gauntlet |    323 |    323 |      0 |      7 |      0 |   1 |  323.0 |
               +--------+--------+--------+--------+--------+-----+--------+

Top non-repeatable levels by time:
Vaults:1: 2852 daAuts
Depths:1: 2470 daAuts
 Snake:4: 2228 daAuts
    D:13: 2057 daAuts
Vaults:5: 2046 daAuts
Vaults:4: 1979 daAuts
Vaults:3: 1954 daAuts
Vaults:2: 1947 daAuts
   Elf:3: 1904 daAuts
Depths:3: 1876 daAuts
Depths:2: 1856 daAuts
 Crypt:3: 1833 daAuts
  Lair:4: 1601 daAuts
Shoals:4: 1475 daAuts
   Zot:1: 1470 daAuts
